 Dungeon Crawl Stone Soup version 0.18.1-1-g2f07953 (webtiles) character file.

97 imoen the Insei (level 4, -8/24 HPs)
             Began as a Vine Stalker Monk on May 6, 2016.
             Mangled by a gnoll
             ... wielding a +0 halberd
              (10 damage)
             ... on level 3 of the Dungeon.
             The game lasted 00:04:26 (524 turns).

imoen the Insei (Vine Stalker Monk)                  Turns: 524, Time: 00:04:27

Health: -8/24      AC:  6    Str: 14    XL:     4   Next: 68%
Magic:  0/5        EV: 12    Int: 10    God:
Gold:   18         SH:  0    Dex: 17    Spells: 0 memorised, 3 levels left

rFire  . . .     SeeInvis .       - Unarmed
rCold  + . .     Gourm    .     c - +1 ring mail {rC+}
rNeg   + . .     Faith    .     (no shield)
rPois  .         Spirit   +     (no helmet)
rElec  .         Dismiss  .     (no cloak)
rCorr  .         Reflect  .     (no gloves)
SustAt .         Harm     .     (no boots)
MR     .....                    (no amulet)
Stlth  ++........               (no ring)
                                f - ring of positive energy

@: not resistant to hostile enchantments, unstealthy
A: fangs 2, regeneration 1, magic shield, antimagic bite, no device heal 3, rot
immunity
a: no special abilities


You were on level 3 of the Dungeon.
You were not hungry.

You visited 1 branch of the dungeon, and saw 4 of its levels.

You collected 18 gold pieces.

Inventory:

Armour
 a - a +0 robe
 c - a +1 ring mail of cold resistance (worn)
   (You found it on level 1 of the Dungeon)
Jewellery
 f - a ring of positive energy (left hand)
   (You found it on level 1 of the Dungeon)
Scrolls
 g - 5 scrolls of identify {unknown}
Potions
 d - a potion of might {unknown}
 e - 3 potions of cure mutation {unknown}
 j - a potion of haste {unknown}
 l - a potion of degeneration {unknown}
Comestibles
 b - a bread ration
 h - a meat ration
 i - 3 beef jerkies
 k - a fruit


   Skills:
 + Level 3.3 Fighting
 + Level 2.9 Dodging
 + Level 4.0 Stealth
 + Level 4.4 Unarmed Combat


You had 3 spell levels left.
You didn't know any spells.

Dungeon Overview and Level Annotations

Branches:
Dungeon (4/15)
 Temple: D:4-7

Altars:


Innate Abilities, Weirdness & Mutations

You have extremely sharp teeth.
Your natural rate of healing is unusually fast.
When hurt, damage is shared between your health and your magic reserves.
Your bite disrupts and absorbs the magic of your enemies.
Potions and wands cannot restore your health.
You are immune to rotting.


Message History

You punch the orc wizard, but do no damage.
Your bite misses the orc wizard. The orc wizard hits you with a dagger.
The orc wizard barely misses you.
You now have 3/4 mp.
You hit the orc wizard but do no damage.
Your bite misses the orc wizard.
The orc wizard hits you but does no damage.
You punch the orc wizard!
You kill the orc wizard!
You have reached level 4!
You feel agile.
You regained 3 hp, and now have 16/24 hp.
Things that are here:
a dagger; a robe
k - a fruit MP restored: 5 Unknown command.
Health restored: 24 A bat and 2 gnolls come into view.
Unknown command.
A kobold comes into view.
A gnoll comes into view. It is wielding a halberd.
The gnoll shouts! x2; You hear a shout!
The kobold shouts!
The gnoll barely misses you.
The gnoll hits you from afar with a spear.
You take 2 damage, and have 22/24 hp.
The gnoll hits you with a halberd!
* * * LOW HITPOINT WARNING * * *
The gnoll closely misses you. The gnoll misses you.
You take 8 damage, and have 14/24 hp.
MASSIVE DAMAGE!!
You now have 3/5 mp.
The gnoll barely misses you.
The gnoll hits you from afar with a spear.
* * * LOW HITPOINT WARNING * * *
A gnoll comes into view. It is wielding a spear.
You take 1 damage, and have 13/24 hp.
You now have 2/5 mp.
Unknown command.
The bat hits you but does no damage. The bat barely misses you.
The bat closely misses you. The bat hits you but does no damage.
You hit the bat.
You kill the bat!
Your Stealth skill increases to level 4!
Unknown command.
Unknown command.
You hit the kobold. The kobold hits you.
* * * LOW HITPOINT WARNING * * *
You take 2 damage, and have 14/24 hp.
You now have 2/5 mp.
You hit the kobold.
You kill the kobold!
The gnoll hits you but does no damage.
The gnoll throws a stone.
The stone hits you but does no damage.
You see here a stone.
Sorry, you're not good enough to have a special ability.
Unknown command.
You aren't carrying any items that you can evoke.
Unknown command.
Read which item? (? for menu, Esc to quit)
Okay, then.
The gnoll hits you but does no damage. x2
Unknown command.
You barely miss the gnoll. Your bite misses the gnoll.
The gnoll hits you with a spear. The gnoll hits you but does no damage.
You take 2 damage, and have 17/24 hp.
You now have 2/5 mp.
You hit the gnoll. The gnoll completely misses you.
The gnoll barely misses you.
You hit the gnoll but do no damage. The gnoll closely misses you.
The gnoll barely misses you.
You hit the gnoll. You bite the gnoll, but do no damage.
The gnoll hits you with a spear.
* * * LOW HITPOINT WARNING * * *
The gnoll hits you but does no damage.
You take 3 damage, and have 15/24 hp.
Unknown command.
You hit the gnoll.
You kill the gnoll!
The gnoll hits you from afar with a spear.
* * * LOW HITPOINT WARNING * * *
You take 1 damage, and have 14/24 hp.
Unknown command.
The gnoll hits you from afar with a halberd.
* * * LOW HITPOINT WARNING * * *
The gnoll hits you with a spear.
* * * LOW HITPOINT WARNING * * *
You see here a spear.
You take 4 damage, and have 10/24 hp.
You now have 1/5 mp.
Unknown command.
You hit the gnoll but do no damage.
The gnoll hits you from afar with a halberd.
* * * LOW HITPOINT WARNING * * *
The gnoll barely misses you.
You take 1 damage, and have 9/24 hp.
Unknown command.
You hit the gnoll. You bite the gnoll, but do no damage. The gnoll misses you.
Unknown command.
You hit the gnoll. The gnoll hits you with a spear!
* * * LOW HITPOINT WARNING * * *
The gnoll hits you from afar with a halberd!
You die...

#.# # ##.## .# ##.#.### .#
#.###...... .#
#################.#.######
## #.g................#
########.#.##############.#
.g.g†g....#.#############.#
########.....ggg@.........#
##.################# ###


You could see 3 gnolls.

Vanquished Creatures
  An orc wizard (D:3)
  Terence (D:2)
  A gnoll (D:3)
  An adder (D:2)
  A worm (D:3)
  A dart slug (D:4)
  2 giant geckos
  An orc (D:4)
  4 bats
  2 goblins (D:2)
  A quokka (D:3)
  A giant newt (D:3)
  A kobold (D:3)
  2 rats (D:2)
20 creatures vanquished.

Notes
Turn   | Place    | Note
--------------------------------------------------------------
     0 | D:1      | imoen the Vine Stalker Monk began the quest for the Orb.
     0 | D:1      | Reached XP level 1. HP: 11/11 MP: 2/2
   128 | D:2      | Reached XP level 2. HP: 13/16 MP: 1/3
   159 | D:2      | Noticed Terence
   178 | D:2      | HP: 3/16 [Terence/flail (6)]
   180 | D:2      | Killed Terence
   180 | D:2      | Reached skill level 3 in Fighting
   180 | D:2      | Reached skill level 3 in Stealth
   180 | D:2      | Reached XP level 3. HP: 4/20 MP: 1/4
   435 | D:3      | Reached XP level 4. HP: 15/24 MP: 3/5
   493 | D:3      | Reached skill level 4 in Stealth
   524 | D:3      | HP: 2/24 [gnoll/spear (7)]
   524 | D:3      | Mangled by a gnoll

Skill      XL: |  1  2  3  4 |
---------------+-------------+-----
Fighting       | 3 |  3.3
Stealth        | 3 4 |  4.0
Dodging        | |  2.9
Unarmed Combat | |  4.4

Action                   |  1- 3 |  4- 6 || total
-------------------------+-------+-------++-------
Melee: Unarmed           |    64 |    11 ||    75
       Bite              |    20 |     2 ||    22
       Punch             |     4 |       ||     4
 Stab: Sleeping          |     1 |       ||     1
Armor: Ring mail         |    22 |     7 ||    29
Dodge: Dodged            |    40 |    12 ||    52

Vault maps used:
D:1:      dpeg_arrival_simpleton_c
D:2:      uniq_terence, uniq_natasha
D:4:      uniq_crazy_yiuf_cottage

Table legend:
 A = Turns spent in this place as a percentage of turns spent in the entire game.
 B = Non-inter-level travel turns spent in this place as a percentage of non-inter-level travel turns spent in the entire game.
 C = Inter-level travel turns spent in this place as a percentage of turns spent in this place.
 D = Turns resting spent in this place as a percentage of non-inter-level travel turns spent in this place.
 E = Turns spent auto-exploring this place as a percentage of non-inter-level travel turns spent in this place.
 F = Non-inter-level travel turns spent in this place divided by the number of levels of this place that you've seen.
                   A       B       C       D       E      F
               +-------+-------+-------+-------+-------+----------------------
         Total | 100.0 | 100.0 |   0.0 |   0.0 |   0.0 | 113.2
       Dungeon | 100.0 | 100.0 |   0.0 |   0.0 |   0.0 | 113.2
               +-------+-------+-------+-------+-------+----------------------

Table legend:
 A = Kills in this place as a percentage of kills in entire the game.
 B = Kills by you in this place as a percentage of kills by you in the entire game.
 C = Kills by friends in this place as a percentage of kills by friends in the entire game.
 D = Other kills in this place as a percentage of other kills in the entire game.
 E = Experience gained in this place as a percentage of experience gained in the entire game.
 F = Experience gained in this place divided by the number of levels of this place that you have seen.
                   A       B       C       D       E      F
               +-------+-------+-------+-------+-------+----------------------
         Total | 100.0 | 100.0 |  -nan |  -nan | 100.0 |  34.8
       Dungeon | 100.0 | 100.0 |  -nan |  -nan | 100.0 |  34.8
               +-------+-------+-------+-------+-------+----------------------
